 Dungeon Crawl Stone Soup version 0.32-a0-928-g1cae6b7ea0 (webtiles) character file.

Game seed: 8767250557347893111

16657 RBrandon the Fighter (level 12, -12/100 HPs)
             Began as a Coglin Berserker on Apr 12, 2024.
             Was an Elder of Trog.
             Engulfed by a cloud of flame (15 damage)
             ... on level 3 of the Lair of Beasts.
             The game lasted 00:13:25 (11595 turns).

RBrandon the Fighter (Coglin Berserker)            Turns: 11595, Time: 00:13:26

Health: -12/100    AC: 19    Str: 23 (26) XL:     12   Next: 39%
Magic:  12/12      EV:  9    Int:  5 (8)  God:    Trog [****..]
Gold:   743        SH:  0    Dex: 13 (15) Spells: 11/11 levels left

rFire   + . .        z - +3 flail (protect) {Vikramjeet}
rCold   + . .        I - +10 trident "Oshed Muemusch" {flame, +Blink Str+4 Int+2}
rNeg    . . .        r - +0 chain mail
rPois   +            (no helmet)
rElec   +            J - +0 cloak
rCorr   +            (no gloves)
SInv    .            (no boots)
Will    .....        (amulet unavailable) Stlth
                     (ring unavailable)
HPRegen 0.36/turn    (ring unavailable)
MPRegen 0.13/turn    (no gizmo)

%: no passive effects
@: resistant, under a protective aura, on berserk cooldown, slowed, revved, very
slow
A: off-hand wielding, slow wielding, warmup strikes, no jewellery
a: Invent Gizmo, Renounce Religion, Evoke Blink, Berserk, Trog's Hand, Brothers
in Arms


You were on level 3 of the Lair of Beasts.
You worshipped Trog.
Trog was greatly pleased with you.
You visited 2 branches of the dungeon, and saw 12 of its levels.
You also visited: Sewer.

You collected 743 gold pieces.

Inventory:

Hand Weapons
 a - a +0 hand axe {Chaewon}
 c - a +0 dagger {Therese}
 x - a +1 dagger of freezing {Titus}
   (You took it off a kobold in a sewer)
 z - a +3 flail of protection (weapon) {Vikramjeet}
   (You took it off Edmund on level 5 of the Dungeon)
 C - a +2 morningstar {Akihito}
 I - the +10 trident "Oshed Muemusch" (offhand) {flame, +Blink Str+4 Int+2}
   (You found it on level 2 of the Lair of Beasts)

   Str+4:     It affects your strength (+4).
   Int+2:     It affects your intelligence (+2).
   +Blink:    It lets you blink.
Missiles
 l - 5 curare-tipped darts (quivered)
 y - 15 poisoned darts
Armour
 r - a +0 chain mail (worn)
 J - a +0 cloak (worn)
Wands
 o - a wand of charming (10)
 t - a wand of roots (15)
 B - a wand of acid (8)
 D - a wand of flame (25)
Scrolls
 b - 2 scrolls of blinking {unknown}
 h - 3 scrolls of immolation {unknown}
 j - 5 scrolls of noise {unknown}
 k - 6 scrolls of identify {unknown}
 n - 5 scrolls of teleportation
 p - a scroll of vulnerability {unknown}
 q - 3 scrolls of fear {unknown}
 v - 3 scrolls of revelation {unknown}
 w - 3 scrolls of enchant armour {unknown}
 F - a scroll of fog {unknown}
 G - a scroll of poison {unknown}
 H - a scroll of enchant weapon {unknown}
 K - a scroll of torment {unknown}
Potions
 d - 3 potions of curing {unknown}
 e - a potion of enlightenment {unknown}
 f - 2 potions of magic
 g - a potion of mutation {unknown}
 i - 2 potions of degeneration
 m - 3 potions of cancellation {unknown}
 s - 2 potions of haste {unknown}
 u - 2 potions of resistance
 A - 3 potions of heal wounds {unknown}
 E - a potion of brilliance {unknown}
 L - a potion of attraction {unknown}


   Skills:
 - Level 11.0 Fighting
 - Level 8.2(10.8) Axes
 * Level 10.1(11.2) Maces & Flails
 + Level 9.5 Armour
 + Level 3.5 Dodging


You had 11 spell levels left.
You didn't know any spells.
Your spell library was empty.

Dungeon Overview and Level Annotations

Branches:
Dungeon (9/15)             Temple (0/1) D:5            Lair (3/5) D:9
  Swamp (0/4) Lair:2       Spider (0/4) Lair:3        Sewer (visited)
    Orc: D:9-12

Altars:
Hepliaklqana
Okawaru
Uskayaw
The Shining One

Annotations:
Lair:1 3 runed translucent doors, exclusions: plant and 1 more exclusion, Chish's ghost, journeyman KoHu; Daunt's ghost, journeyman CoFi; inkslinger's ghost, journeyman CoBe
Lair:3 1 transporter


Innate Abilities, Weirdness & Mutations

You can wield a second weapon in your off-hand.
It takes a long time for you to wield or remove held weapons.
Your first few attacks do less damage.
You cannot equip rings or amulets.


Message History

You impale the fire crab with the +10 trident "Oshed Muemusch"!!
You kill the fire crab!
Trog accepts your kill.
You are engulfed in blazing flames.
You resist. The hell hound barely misses you.
The hell hound bites you but does no damage.
You barely miss the hell hound with the +10 trident "Oshed Muemusch".
You sock the hell hound with your +3 flail of protection!
You are engulfed in blazing flames.
You resist.
* * * LOW HITPOINT WARNING * * *
The hell hound bites you but does no damage. x2
You hit the hell hound with your +3 flail of protection.
The hell hound is heavily wounded.
You impale the hell hound with the +10 trident "Oshed Muemusch"!!
You kill the hell hound!
Trog accepts your kill.
You are engulfed in blazing flames.
You resist.
* * * LOW HITPOINT WARNING * * *
You are no longer berserk.
You are exhausted.
You feel yourself slow down. The hell hound breathes flames at you.
The blast of flame hits you. You resist.
* * * LOW HITPOINT WARNING * * *
Okay, then.
Okay, then.
Press: ? - help, v - describe, . - travel The floor, spattered with blood.
There is a cloud of flame here.
Okay, then.
It was a potion of magic.
Magic courses through your body.
You are engulfed in blazing flames.
You resist.
* * * LOW HITPOINT WARNING * * *
The hell hound closely misses you. The hell hound bites you.
* * * LOW HITPOINT WARNING * * *
It was a potion of degeneration.
There was something very wrong with that liquid.
You feel weakened.
You feel dopey.
You feel clumsy.
You are engulfed in blazing flames.
You resist.
You die...

P#.............................#
##.........................†...##
...........................†....#
##...............#######........#
##........########.○°°°#.......##
###.......#°°.○☼°#°○°○°#.......##
#.......#.°°.○☼#°○☼°°#........#
#.......#○°#.#†°○.°$$#........#
.......©#°☼©..@☼°☼☼|©#©......P#
........#°☼#.#.h°°°[)#........#
........#.°○.°☼#°°☼°☼#.......##
........#°☼.○°°#○°☼○°#.......##
##......########.○°○○#........#
####.............#######.......##
..#............................##
..##.................##...#.P...#
..##...............[.#..##.#...##


You could see a hell hound.

Vanquished Creatures
  A hydra (Lair:2)
  A two-headed ogre (D:6)
  A demonic crawler (Lair:3)
  2 fire crabs (Lair:3)
  2 skysharks (Lair:3)
  A bog body (Lair:2)
  A torpor snail (Lair:2)
  4 cane toads
  A rime drake (Lair:2)
  3 komodo dragons
  A troll (D:6)
  5 polar bears (Lair:2)
  Prince Ribbit (D:6)
  Grinder (D:3)
  4 blink frogs (Lair:1)
  Sigmund (D:3)
  6 yaks
  3 wyverns
  2 fire elementals (Lair:3)
  3 steam dragons
  Edmund (D:5)
  A hell hound (Lair:3)
  8 water moccasins
  4 ice beasts
  Pargi (Sewer)
  A sky beast (D:6)
  5 black bears
  2 orc warriors (D:9)
  2 ogres
  A centaur (D:9)
  2 phantoms
  2 brain worms (Sewer)
  9 bullfrogs
  7 scorpions
  7 wights
  16 killer bees (D:8)
  3 electric eels (Lair:2)
  A hound (D:7)
  A bombardier beetle (D:5)
  A jelly (D:6)
  A gnoll bouda (D:9)
  An orc priest (D:9)
  An iguana (D:7)
  2 orc wizards
  A sleepcap (D:7)
  5 gnolls (D:9)
  3 adders
  A river rat (D:4)
  A shadow imp (D:7)
  A white imp (D:7)
  2 ufetubi (D:6)
  A dart slug (D:4)
  5 ribbon worms
  7 orcs
  11 ball pythons
  4 bats
  10 endoplasms
  3 giant cockroaches
  9 goblins
  5 hobgoblins
  3 jackals (D:1)
  2 quokkas (D:4)
  2 frilled lizards
  12 kobolds
  7 rats
219 creatures vanquished.

Notes
Turn   | Place    | Note
-------+----------+-------------------------------------------
     0 | D:1      | RBrandon the Coglin Berserker began the quest for the Orb.
     0 | D:1      | Reached XP level 1. HP: 18/18 MP: 1/1
   116 | D:1      | Reached XP level 2. HP: 24/24 MP: 2/2
   264 | D:1      | Reached XP level 3. HP: 29/29 MP: 3/3
   714 | D:1      | Reached ** piety under Trog
   873 | D:2      | Found a faded altar of an unknown god.
   956 | D:2      | Found a glowing golden altar of the Shining One.
  1559 | D:3      | Noticed Sigmund
  1576 | D:3      | Killed Sigmund
  1577 | D:3      | Reached skill level 4 in Fighting
  1577 | D:3      | Reached skill level 5 in Axes
  1577 | D:3      | Reached XP level 4. HP: 29/37 MP: 4/4
  1577 | D:3      | Reached XP level 5. HP: 32/42 MP: 5/5
  1583 | D:3      | Reached XP level 6. HP: 37/48 MP: 6/6
  1656 | D:3      | Found an iron altar of Okawaru.
  1735 | D:3      | Noticed Grinder
  1742 | D:3      | Killed Grinder
  1972 | D:3      | Found a hide-covered altar of Uskayaw.
  2098 | D:3      | Reached XP level 7. HP: 46/55 MP: 7/7
  2815 | D:4      | Reached skill level 5 in Fighting
  3111 | D:4      | Found a glowing drain.
  3143 | Sewer    | Entered a sewer
  3309 | Sewer    | Reached *** piety under Trog
  3334 | Sewer    | Noticed Pargi
  3345 | Sewer    | Killed Pargi
  3356 | Sewer    | Reached XP level 8. HP: 43/62 MP: 6/8
  3737 | D:5      | Entered Level 5 of the Dungeon
  4100 | D:5      | Found a hazy altar of Hepliaklqana.
  4164 | D:5      | Found a staircase to the Ecumenical Temple.
  4169 | D:5      | Reached skill level 6 in Fighting
  4311 | D:5      | Noticed Edmund
  4319 | D:5      | Killed Edmund
  5033 | D:6      | Noticed a two-headed ogre
  5038 | D:6      | Killed a two-headed ogre
  5039 | D:6      | Reached skill level 7 in Fighting
  5039 | D:6      | Reached skill level 5 in Armour
  5039 | D:6      | Reached XP level 9. HP: 72/72 MP: 9/9
  5169 | D:6      | Noticed Prince Ribbit
  5179 | D:6      | Killed Prince Ribbit
  5521 | D:6      | Identified the +4 sling of the Mashing Gods {heavy, Dex+4}
  5541 | D:6      | Noticed a troll
  5547 | D:6      | Killed a troll
  5548 | D:6      | Reached skill level 8 in Fighting
  5548 | D:6      | Reached skill level 1 in Maces & Flails
  6187 | D:7      | Reached XP level 10. HP: 66/81 MP: 10/10
  6821 | D:8      | Reached skill level 5 in Maces & Flails
  8322 | D:9      | Found a staircase to the Lair.
  8399 | Lair:1   | Entered Level 1 of the Lair of Beasts
  8571 | Lair:1   | Found a runed translucent gate.
  8571 | Lair:1   | Found a runed translucent gate.
  8571 | Lair:1   | Found a runed translucent gate.
  8629 | Lair:1   | Reached skill level 9 in Fighting
  8629 | Lair:1   | Reached XP level 11. HP: 83/89 MP: 11/11
  9023 | Lair:1   | Noticed Chish's ghost (journeyman KoHu)
  9023 | Lair:1   | Noticed inkslinger's ghost (journeyman CoBe)
  9023 | Lair:1   | Noticed Daunt's ghost (journeyman CoFi)
  9678 | Lair:2   | Noticed an eight-headed hydra
  9683 | Lair:2   | Killed an eight-headed hydra
  9980 | Lair:2   | Reached skill level 10 in Fighting
 10015 | Lair:2   | Noticed a bog body
 10079 | Lair:2   | Killed a bog body
 10364 | Lair:2   | Identified the +10 trident "Oshed Muemusch" {flame, +Blink
                  | Str+4 Int+2}
 10796 | Lair:2   | Found a staircase to the Swamp.
 10949 | Lair:3   | Noticed a skyshark
 10956 | Lair:3   | Killed a skyshark
 10958 | Lair:3   | Noticed a skyshark
 11011 | Lair:3   | Killed a skyshark
 11012 | Lair:3   | Reached XP level 12. HP: 99/99 MP: 12/12
 11044 | Lair:3   | Found a transporter.
 11215 | Lair:3   | Noticed a demonic crawler
 11216 | Lair:3   | Found a hole to the Spider Nest.
 11224 | Lair:3   | Killed a demonic crawler
 11367 | Lair:3   | Reached skill level 11 in Fighting
 11401 | Lair:3   | Reached **** piety under Trog
 11406 | Lair:3   | Found a transporter.
 11588 | Lair:3   | Reached skill level 10 in Maces & Flails
 11594 | Lair:3   | HP: 3/100 [something (5)]
 11595 | Lair:3   | Engulfed by a cloud of flame

Illustrated notes

Levels and vault maps discovered:
D:1:      onia_arrival_pyramid, layout_basic
D:2:      layout_loops_ring, ebering_ecumenical_altar_abandoned, basic_altar,
          dreamdust_wishing_well, nicolae_houndstooth_variations
D:3:      layout_basic, lemuel_doored_altar, nicolae_uskayaw_suspiria,
          uniq_sigmund, uniq_grinder
D:4:      layout_basic, portal_sewer_entry_b, kennysheep_generic_room_15
D:5:      layout_basic, mainiacjoe_overflow_alcove_4,
          minmay_temple_entry_junction_2, serial_curves, eino_curves_02,
          eino_curves_03, minmay_misc_feat_room, uniq_edmund
D:6:      layout_loops_ring, uniq_prince_ribbit1
D:7:      black_bear_nest_1, layout_basic
D:8:      layout_basic
D:9:      layout_roguey, gammafunk_temple_overflow_claw, dpeg_oklobed_lair,
          kennysheep_generic_room_11
Lair:1:   layout_loops_ring, gammafunk_ghost_cemetery, grunt_megastairs_4,
          serial_bayou_shore_a
Lair:2:   layout_regular_city, nicolae_swamp_entry_splash_gauntlet,
          cheibrodos_lair_lostbears
Lair:3:   gammafunk_cloud_chamber, layout_regular_city,
          nicolae_spider_entry_non_spiders, nicolae_lair_lindhole

Skill      XL: |  1  2  3  4  5  6  7  8  9 10 11 12 |
---------------+-------------------------------------+-----
Axes           | 5 7 8 |  8.2
Fighting       | 4 5 7 8 9 10 11 | 11.0
Armour         | 2 3 5 6 7 9 |  9.5
Dodging        | 2 3 |  3.5
Maces & Flails | 3 7 9 10 | 10.1

Action                     |  1- 3 |  4- 6 |  7- 9 | 10-12 || total
---------------------------+-------+-------+-------+-------++-------
  Melee: Hand axe          |    75 |    27 |   153 |       ||   255
         Dagger            |    73 |    28 |   189 |       ||   290
         Flail             |       |       |    57 |   236 ||   293
         Morningstar       |       |       |     8 |   167 ||   175
         Trident           |       |       |       |    72 ||    72
  Throw: Dart              |     6 |       |     1 |       ||     7
 Invoke: Berserk           |       |     1 |     9 |    13 ||    23
         Trog's Hand       |       |     1 |       |     1 ||     2
  Evoke: Wand              |       |       |       |     2 ||     2
    Use: Scroll            |       |       |       |     1 ||     1
         Potion            |       |       |       |     3 ||     3
   Stab: Sleeping          |     1 |       |       |       ||     1
 Armour: Animal skin       |    27 |       |       |       ||    27
         Ring mail         |     6 |    14 |    42 |       ||    62
         Chain mail        |       |       |   156 |   288 ||   444
  Dodge: Dodged            |    57 |    12 |   112 |   115 ||   296

Table legend: (Time is in decaauts)
 A = Elapsed time spent in this place.
 B = Non-inter-level travel time spent in this place.
 C = Inter-level travel time spent in this place.
 D = Time resting spent in this place.
 E = Time spent auto-exploring this place.
 F = Levels seen in this place.
 G = Mean time per level.
                   A        B        C        D        E       F      G
               +--------+--------+--------+--------+--------+-----+--------+
         Total |  11833 |  11455 |    378 |   1797 |   7956 |  13 |  910.2 |
       Dungeon |   8340 |   8015 |    325 |   1000 |   5936 |   9 |  926.7 |
          Lair |   3164 |   3111 |     53 |    717 |   1864 |   3 | 1054.7 |
         Sewer |    327 |    327 |      0 |     79 |    156 |   1 |  327.0 |
               +--------+--------+--------+--------+--------+-----+--------+

Top non-repeatable levels by time:
     D:8: 1379 daAuts
  Lair:2: 1301 daAuts
     D:5: 1278 daAuts
  Lair:1: 1240 daAuts
     D:3: 1045 daAuts
     D:6: 1008 daAuts
     D:4: 859 daAuts
     D:1: 795 daAuts
     D:7: 767 daAuts
     D:2: 726 daAuts
  Lair:3: 623 daAuts
     D:9: 481 daAuts
   Sewer: 327 daAuts

Levels and vault maps discovered:
D:1:      onia_arrival_pyramid, layout_basic
D:2:      layout_loops_ring, ebering_ecumenical_altar_abandoned, basic_altar,
          dreamdust_wishing_well, nicolae_houndstooth_variations
D:3:      layout_basic, lemuel_doored_altar, nicolae_uskayaw_suspiria,
          uniq_sigmund, uniq_grinder
D:4:      layout_basic, portal_sewer_entry_b, kennysheep_generic_room_15
D:5:      layout_basic, mainiacjoe_overflow_alcove_4,
          minmay_temple_entry_junction_2, serial_curves, eino_curves_02,
          eino_curves_03, minmay_misc_feat_room, uniq_edmund
D:6:      layout_loops_ring, uniq_prince_ribbit1
D:7:      black_bear_nest_1, layout_basic
D:8:      layout_basic
D:9:      layout_roguey, gammafunk_temple_overflow_claw, dpeg_oklobed_lair,
          kennysheep_generic_room_11
Lair:1:   layout_loops_ring, gammafunk_ghost_cemetery, grunt_megastairs_4,
          serial_bayou_shore_a
Lair:2:   layout_regular_city, nicolae_swamp_entry_splash_gauntlet,
          cheibrodos_lair_lostbears
Lair:3:   gammafunk_cloud_chamber, layout_regular_city,
          nicolae_spider_entry_non_spiders, nicolae_lair_lindhole

Table legend: (Time is in decaauts)
 A = Elapsed time spent in this place.
 B = Non-inter-level travel time spent in this place.
 C = Inter-level travel time spent in this place.
 D = Time resting spent in this place.
 E = Time spent auto-exploring this place.
 F = Levels seen in this place.
 G = Mean time per level.
                   A        B        C        D        E       F      G
               +--------+--------+--------+--------+--------+-----+--------+
         Total |  11833 |  11455 |    378 |   1797 |   7956 |  13 |  910.2 |
       Dungeon |   8340 |   8015 |    325 |   1000 |   5936 |   9 |  926.7 |
          Lair |   3164 |   3111 |     53 |    717 |   1864 |   3 | 1054.7 |
         Sewer |    327 |    327 |      0 |     79 |    156 |   1 |  327.0 |
               +--------+--------+--------+--------+--------+-----+--------+

Top non-repeatable levels by time:
     D:8: 1379 daAuts
  Lair:2: 1301 daAuts
     D:5: 1278 daAuts
  Lair:1: 1240 daAuts
     D:3: 1045 daAuts
     D:6: 1008 daAuts
     D:4: 859 daAuts
     D:1: 795 daAuts
     D:7: 767 daAuts
     D:2: 726 daAuts
  Lair:3: 623 daAuts
     D:9: 481 daAuts
   Sewer: 327 daAuts

Table legend:
 A = Kills in this place as a percentage of kills in the entire game.
 B = Kills by you in this place as a percentage of kills by you in the entire game.
 C = Kills by friends in this place as a percentage of kills by friends in the entire game.
 D = Other kills in this place as a percentage of other kills in the entire game.
 E = Experience gained in this place as a percentage of experience gained in the entire game.
 F = Experience gained in this place divided by the number of levels of this place that you have seen.
                   A       B       C       D       E      F
               +-------+-------+-------+-------+-------+----------------------
         Total | 100.0 | 100.0 |   N/A |   N/A | 100.0 | 1830.5
       Dungeon |  67.6 |  67.6 |   N/A |   N/A |  30.2 | 799.3
          Lair |  28.3 |  28.3 |   N/A |   N/A |  68.4 | 5424.3
         Sewer |   4.1 |   4.1 |   N/A |   N/A |   1.4 | 330.0
               +-------+-------+-------+-------+-------+----------------------
